 Dungeon Crawl Stone Soup version 0.19-a0-1185-gacb3972 (webtiles) character file.

63 Ijustatesigmund the Skirmisher (level 3, -2/45 HPs)
             Began as a Demonspawn Berserker on Aug 18, 2016.
             Was a Believer of Trog.
             Slain by Crazy Yiuf
             ... wielding a +3 quarterstaff of chaos
              (14 damage)
             ... on level 2 of the Dungeon.
             The game lasted 00:04:07 (1310 turns).

Ijustatesigmund the Skirmisher (DsBe)               Turns: 1310, Time: 00:04:07

Health: -2/45      AC:  6    Str: 22    XL:     3   Next: 87%
Magic:  3/3        EV: 11    Int:  8    God:    Trog [**....]
Gold:   66         SH:  0    Dex: 13    Spells: 0 memorised, 2 levels left

rFire  + . .     SeeInvis .     a - +1 hand axe
rCold  . . .     Gourm    .     h - +0 ring mail
rNeg   . . .     Faith    .     (no shield)
rPois  +         Spirit   .     (no helmet)
rElec  .         Dismiss  .     (no cloak)
rCorr  .         Reflect  .     e - +0 pair of gloves
MR     .....     Harm     .     (no boots)
Stlth  ..........               (no amulet)
                                l - ring of stealth
                                b - ring of poison resistance

@: berserking, drained, very quick
A: fire resistance 1, powered by pain 1
a: Berserk, Trog's Hand, Burn Spellbooks, Renounce Religion


You were on level 2 of the Dungeon.
You worshipped Trog.
Trog was pleased with you.
You were hungry.

You visited 1 branch of the dungeon, and saw 2 of its levels.

You collected 66 gold pieces.

Inventory:

Hand Weapons
 a - a +1 hand axe (weapon)
Armour
 e - a +0 pair of gloves (worn)
 h - a +0 ring mail (worn)
Jewellery
 b - a ring of poison resistance (left hand)
 l - a ring of stealth (right hand)
Scrolls
 d - a scroll of remove curse
Potions
 i - a potion of curing
 j - 3 potions of haste
 m - a potion of lignification {unknown}
Comestibles
 c - a bread ration
 f - a meat ration
 g - 2 fruits
 k - 3 chunks of flesh


   Skills:
 + Level 4.1(4.0) Fighting
 + Level 3.5(3.4) Axes
 - Level 1.7 Armour
 - Level 1.7 Dodging


You had 2 spell levels left.
You didn't know any spells.

Dungeon Overview and Level Annotations

Branches:
Dungeon (2/15)

Altars:

Annotations:
D:2 Crazy Yiuf


Innate Abilities, Weirdness & Mutations

Your flesh is heat resistant. (rF+)
You sometimes gain a little power by taking damage.


Message History

Found a mace.
There is an open door here.
The helpless Crazy Yiuf fails to defend himself.
You slash Crazy Yiuf!
Crazy Yiuf is heavily wounded.
Crazy Yiuf drinks a potion.
Crazy Yiuf is healed!
Crazy Yiuf hits you with a quarterstaff of chaos!
A red film seems to cover your vision as you go berserk!
You feel yourself moving faster!
You feel mighty!
You are feeling hungry.
Crazy Yiuf glowers.
Crazy Yiuf hits you with a quarterstaff of chaos!
You closely miss Crazy Yiuf. You barely miss Crazy Yiuf.
Crazy Yiuf hits you with a quarterstaff of chaos!
* * * LOW HITPOINT WARNING * * *
You slash Crazy Yiuf!
Crazy Yiuf is heavily wounded.
Crazy Yiuf hits you with a quarterstaff of chaos!
You die...

## ..
#########
........#
#####...#
#####...#
#####
...##.######
#.g)#
##.##.##...#
#.@.#
#.....#รท..#
#...#
#####..#...#
##'##
<#####.#...#
##.#
........####
#.##
.######.#
##.# .###
#.#### #.##
.#.. #.#..#
##.## ##.#
#....#
#...##


You could see Crazy Yiuf.

Vanquished Creatures
  An adder (D:2)
  2 oozes (D:2)
  2 dart slugs
  3 giant geckos
  A giant cockroach (D:1)
  3 hobgoblins
  3 bats (D:2)
  4 giant newts (D:2)
  9 goblins
  7 kobolds
  2 rats
37 creatures vanquished.

Notes
Turn   | Place    | Note
-------+----------+-------------------------------------------
     0 | D:1      | Ijustatesigmund the Demonspawn Berserker began the quest for the Orb.
     0 | D:1      | Reached XP level 1. HP: 18/18 MP: 1/1
   400 | D:1      | Gained mutation: Your flesh is heat resistant. (rF+) [demonic ancestry]
   400 | D:1      | Reached XP level 2. HP: 22/24 MP: 2/2
   924 | D:2      | Gained mutation: You sometimes gain a little power by taking damage. [demonic ancestry]
   924 | D:2      | Reached XP level 3. HP: 30/30 MP: 3/3
  1116 | D:2      | Reached ** piety under Trog
  1170 | D:2      | Reached skill level 4 in Fighting
  1298 | D:2      | Found a runed door.
  1302 | D:2      | Noticed Crazy Yiuf
  1310 | D:2      | Slain by Crazy Yiuf

Vault maps used:
D:1:      dpeg_arrival_tiny_g
D:2:      kennysheep_generic_room_3, uniq_crazy_yiuf_cottage

Skill      XL: |  1  2  3 |
---------------+----------+-----
Axes           | 3 |  3.5
Fighting       | 4 |  4.1
Armour         | |  1.7
Dodging        | |  1.7

Action                   || total
-------------------------++-------
Melee: Hand axe          ||   125
Invok: Berserk           ||     1
  Use: Scroll            ||     9
 Stab: Sleeping          ||     3
  Eat: Chunk             ||     1
Armor: Animal skin       ||     2
       Ring mail         ||    37
Dodge: Dodged            ||    81
